 Dungeon Crawl Stone Soup version 0.19.0-2-gae57169 (webtiles) character file.

43 Patchouli the Gusty (level 3, 0/19 HPs)
             Began as a Tengu Air Elementalist on Nov 3, 2016.
             Slain by an adder (2 damage)
             ... on level 3 of the Dungeon.
             The game lasted 00:06:50 (1093 turns).

Patchouli the Gusty (Tengu Air Elementalist)        Turns: 1093, Time: 00:06:50

Health: 0/19       AC:  2    Str:  8    XL:     3   Next: 58%
Magic:  0/8        EV: 15    Int: 16    God:
Gold:   110        SH:  0    Dex: 14    Spells: 3 memorised, 2 levels left

rFire  . . .     SeeInvis .     d - +0 hand axe
rCold  . . .     Gourm    .     a - +0 robe
rNeg   . . .     Faith    .     (no shield)
rPois  +         Spirit   .     (helmet restricted)
rElec  .         Reflect  .     (no cloak)
rCorr  .         Harm     .     (no gloves)
MR     .....                    (boots unavailable)
Stlth  ++........               (no amulet)
                                (no ring)
                                h - ring of poison resistance

@: flying quickly and evasively, very slightly contaminated, quick
A: beak, talons 3
a: no special abilities


You were on level 3 of the Dungeon.
You were not hungry.

You visited 1 branch of the dungeon, and saw 4 of its levels.

You collected 110 gold pieces.

Inventory:

Hand Weapons
 d - a +0 hand axe (weapon)
Armour
 a - a +0 robe (worn)
 f - a +0 leather armour
Jewellery
 h - a ring of poison resistance (left hand)
Wands
 m - a wand of digging (10/24)
Scrolls
 e - a scroll of amnesia {unknown}
 g - 3 scrolls of remove curse {unknown}
 i - a scroll of enchant weapon {unknown}
 j - 3 scrolls of identify {unknown}
 k - a scroll of recharging {unknown}
 q - a scroll of fog {unknown}
Potions
 l - a potion of agility
 o - a potion of might {unknown}
Books
 b - a book of Air

   Spells                             Type                      Level
   a - Shock                          Conjuration/Air              1
   b - Swiftness                      Charms/Air                   2
   c - Repel Missiles                 Charms/Air                   2
   d - Static Discharge               Conjuration/Air              3
   e - Lightning Bolt                 Conjuration/Air              5
Comestibles
 c - a bread ration
 p - 2 chunks of flesh


   Skills:
 + Level 0.2 Armour
 + Level 2.5 Dodging
 - Level 2.0 Stealth
 * Level 2.9 Spellcasting
 * Level 2.2 Conjurations
 + Level 0.0 Charms
 * Level 4.3 Air Magic


You had 2 spell levels left.
You knew the following spells:

 Your Spells              Type           Power        Failure   Level  Hunger
a - Shock                 Conj/Air       ##..         6%          1    #......
b - Repel Missiles        Chrm/Air       #.....       14%         2    ##.....
c - Swiftness             Chrm/Air       #.......     14%         2    ##.....


Dungeon Overview and Level Annotations

Branches:
Dungeon (4/15)
 Temple: D:4-7

Altars:
Nemelex Xobeh

Annotations:
D:4 Blork the orc, Duvessa


Innate Abilities, Weirdness & Mutations

You have a beak for a mouth.
You have claws for feet.


Message History

The adder is severely wounded.
The adder bites you but does no damage. The adder bites you.
Your magical contamination has completely faded away.
The adder bites you.
Casting: Shock
Confirm with . or Enter, or press ? or * to list all spells.
Aiming: Shock
Press: ? - help, Shift-Dir - straight line, f/p - adder
Aim: an adder (severely wounded)
You miscast Shock.
You are very lightly contaminated with residual magic.
You smell something strange.
The adder bites you.
* * * LOW HITPOINT WARNING * * *
The adder bites you.
* * * LOW HITPOINT WARNING * * *
You see here a ball python corpse.
It was a potion of flight.
You feel very buoyant.
You swoop lightly up into the air.
The adder bites you.
You die...

♣ ♣.♣...♣
#.# ♣♣♣
♣.....♣♣ #.#
..♣♣♣♣
♣.....♣♣ ..
.♣.♣.♣♣
♣.♣♣...♣
♣♣♣..÷♣♣♣
♣.♣♣♣♣.♣
♣♣♣.♣.♣♣♣♣.♣
♣.♣
♣♣..♣.♣♣.♣♣
♣♣.♣
♣..♣♣...♣♣
♣.♣♣
♣♣.♣♣♣♣♣♣♣
♣♣@♣ ♣♣..♣
♣S♣♣ ♣.♣♣♣
♣♣.♣ ♣.♣
♣.♣♣ ♣♣.♣ ♣
♣♣.♣ ♣(♣♣
♣.♣♣.♣♣ ♣.♣
♣...♣♣ ♣.♣
♣...♣♣♣ .♣♣
♣=.)


You could see an adder.

Vanquished Creatures
  2 oozes
  A leopard gecko (D:1)
  2 orcs (D:3)
  A ball python (D:3)
  A giant cockroach (D:3)
  6 goblins
  A hobgoblin (D:1)
  5 bats
  3 frilled lizards
  6 kobolds
  5 rats
33 creatures vanquished.

Notes
Turn   | Place    | Note
-------+----------+-------------------------------------------
     0 | D:1      | Patchouli the Tengu Air Elementalist began the quest for the Orb.
     0 | D:1      | Reached XP level 1. HP: 10/10 MP: 4/4
   250 | D:1      | Reached XP level 2. HP: 15/15 MP: 0/6
   351 | D:1      | Learned a level 2 spell: Repel Missiles
   354 | D:1      | Learned a level 2 spell: Swiftness
   554 | D:2      | Reached XP level 3. HP: 19/19 MP: 5/7
   610 | D:2      | Found a faded altar of an unknown god.
   879 | D:4      | Found a sparkling altar of Nemelex Xobeh.
  1017 | D:4      | Noticed Blork the orc
  1031 | D:4      | Noticed Duvessa
  1093 | D:3      | Slain by an adder

Skill      XL: |  1  2 |
---------------+-------+-----
Conjurations   | 2 |  2.2
Armour         | |  0.2
Dodging        | |  2.5
Stealth        | |  2.0
Spellcasting   | |  2.9
Air Magic      | |  4.3

Action                   || total
-------------------------++-------
Melee: Hand axe          ||     1
 Cast: Shock             ||    68
  Use: Potion            ||     1
  Eat: Chunk             ||     1
Armor: Robe              ||     7
Dodge: Dodged            ||    18
